 Dungeon Crawl Stone Soup version 0.32-a0-558-g233958a4c4 (webtiles) character file.

Game seed: 14457587890906562089

128221 tilp the Unseen (level 16, -1/136 HPs)
             Began as a Vampire Enchanter on Feb 29, 2024.
             Was the Champion of Wu Jian.
             Slain by Arachne
             ... wielding a staff of alchemy
              (11 damage)
             ... on level 4 of the Spider Nest.
             The game lasted 01:07:21 (32069 turns).

tilp the Unseen (Vampire Enchanter)                Turns: 32069, Time: 01:07:22

Health: -1/136     AC:  0    Str: 11      XL:     16   Next: 47%
Magic:  24/29      EV: 10    Int: 25 (28) God:    Wu Jian [******]
Gold:   3163       SH:  0    Dex: 22      Spells: 23/34 levels left

rFire   + + .        a - +2 dagger (heavy)
rCold   + + .        Q - +2 shield of Resistance {rF++ rC++ Will++}
rNeg    . . .        t - +4 robe of Augmentation {Str+4 Int+4 Dex+4}
rPois   +            (no helmet)
rElec   .            x - +2 cloak
rCorr   .            E - +3 pair of gauntlets of War {Slay+5}
SInv    +            O - +2 pair of boots {Stlth+}
Will    ++++.        K - amulet of regeneration
Stlth   ++++         Y - ring of the Suburbs {rPois Will+ Dex+2}
HPRegen 1.42/turn    u - +4 ring of protection
MPRegen 0.21/turn

%: no passive effects
@: confused, corroded, held, healing quickly
A: alive, fangs 3, see invisible, vampiric 2
a: Exsanguinate, Renounce Religion, Wall Jump, Serpent's Lash, Heavenly Storm


You were on level 4 of the Spider Nest.
You worshipped Wu Jian.
Wu Jian was exalted by your worship.
You visited 5 branches of the dungeon, and saw 23 of its levels.
You also visited: Bailey, Gauntlet and Ice Cave.

You collected 3722 gold pieces.
You spent 559 gold pieces at shops.

Inventory:

Hand Weapons
 a - a +2 heavy dagger (weapon)
 b - a +2 dagger of venom
 X - a +1 scimitar of flaming
Missiles
 e - 17 boomerangs (quivered)
 l - 46 poisoned darts
 w - 5 atropa-tipped darts
 J - a curare-tipped dart
 U - 4 silver javelins
Armour
 t - the +4 robe of Augmentation (worn) {Str+4 Int+4 Dex+4}
   (You found it on level 4 of the Dungeon)

   Str+4:     It affects your strength (+4).
   Int+4:     It affects your intelligence (+4).
   Dex+4:     It affects your dexterity (+4).
 x - a +2 cloak (worn)
 E - the +3 pair of gauntlets of War (worn) {Slay+5}
   (You found it on level 3 of the Spider Nest)

   Slay+5:    It affects your accuracy & damage with ranged weapons and melee
   (+5).
 O - a +2 pair of boots of stealth (worn)
 P - a +2 robe of fire resistance
 Q - the +2 shield of Resistance (worn) {rF++ rC++ Will++}
   (You found it in a bailey)

   rF++:      It greatly protects you from fire.
   rC++:      It greatly protects you from cold.
   Will++:    It greatly increases your willpower.
Magical Staves
 D - a staff of air
Jewellery
 u - a +4 ring of protection (right hand)
 y - a ring of fire
 K - an amulet of regeneration (around neck)
 R - a +5 ring of evasion
 S - an amulet of the acrobat
 Y - the ring of the Suburbs (left hand) {rPois Will+ Dex+2}
   (You bought it in a shop on level 2 of the Orcish Mines)

   [ring of willpower]

   Dex+2:     It affects your dexterity (+2).
   rPois:     It protects you from poison Will+: It increases your willpower.
Wands
 g - a wand of polymorph (7)
 p - a wand of light (23)
 s - a wand of mindburst (25)
 z - a wand of roots (17)
 H - a wand of flame (10)
 L - a wand of paralysis (12)
 M - a wand of digging (4)
Scrolls
 f - a scroll of fear
 h - a scroll of revelation
 k - 6 scrolls of teleportation
 n - 2 scrolls of vulnerability
 v - 4 scrolls of poison
 A - a scroll of fog
 B - 3 scrolls of identify
 G - a scroll of butterflies
 W - 2 scrolls of enchant armour
 Z - a scroll of amnesia
Potions
 c - 2 potions of invisibility
 d - a potion of magic
 i - 7 potions of curing
 j - a potion of resistance
 m - 4 potions of attraction
 o - a potion of lignification
 q - 4 potions of cancellation
 r - a potion of mutation
 C - 7 potions of heal wounds
 F - 2 potions of enlightenment
 I - 2 potions of haste
 N - 3 potions of berserk rage
Miscellaneous
 T - a condenser vane
 V - a sack of spiders


   Skills:
 * Level 15.6 Fighting
 - Level 10.0 Short Blades
 - Level 0.1 Armour
 + Level 10.8 Dodging
 + Level 15.9 Stealth
 + Level 6.8 Shields
 + Level 9.5 Spellcasting
 - Level 4.0 Conjurations
 - Level 15.0 Hexes
 - Level 2.0 Ice Magic
 + Level 8.7 Evocations


You had 23 spell levels left.
You knew the following spells:

 Your Spells              Type           Power      Damage    Failure   Level
a - Ensorcelled Hibernat  Hex/Ice        100%       N/A       1%          2
b - Confusing Touch       Hex            72%        N/A       1%          3
c - Tukima's Dance        Hex            72%        N/A       1%          3
d - Dazzling Flash        Conj/Hex       100%       N/A       1%          3

Your spell library contained the following spells:

 Spells                   Type           Power      Damage    Failure   Level
 Slow                     Hex            100%       N/A       1%          1
 Jinxbite                 Hex            100%       N/A       1%          2
 Sigil of Binding         Hex            72%        N/A       1%          3
 Foxfire                  Conj/Fire      84%        2x1d8     8%          1
 Dimensional Bullseye     Hex/Tloc       24%        N/A       8%          4
 Apportation              Tloc           22%        N/A       17%         1
 Ozocubu's Armour         Ice            21%        N/A       22%         3
 Cigotuvi's Dreadful Rot  Necr/Alch/Air  22%        N/A       26%         2
 Fugue of the Fallen      Necr           11%        N/A       45%         3
 Swiftness                Air            11%        N/A       45%         3
 Vampiric Draining        Necr           11%        2d6       45%         3
 Fulminant Prism          Conj/Alch      10%        3d9       58%         4
 Iskenderun's Mystic Bla  Conj/Tloc      21%        2d6       58%         4
 Manifold Assault         Tloc           11%        N/A       86%         4
 Alistair's Intoxication  Alch           7%         N/A       99%         5
 Conjure Ball Lightning   Conj/Air       10%        3x3d6     100%        6


Dungeon Overview and Level Annotations

Branches:
Dungeon (11/15)            Temple (1/1) D:7            Lair (5/5) D:10
  Swamp (0/4) Lair:3       Spider (4/4) Lair:3        Slime (0/5) Lair:5
    Orc (2/2) D:11            Elf (0/3) Orc:2        Bailey (visited)
  IceCv (visited)         Gauntlet (visited)

Altars:
Ashenzari
Cheibriados
Dithmenos
Fedhas
Gozag
Hepliaklqana
Kikubaaqudgha
Makhleb
Nemelex Xobeh
Okawaru
Qazlal
Ru
Sif Muna
Trog
Uskayaw
Vehumet
Wu Jian
Xom
Yredelemnul
Beogh
Jiyva

Shops:
D:7 [   Orc:2 ==*

Annotations:
Lair:4 Rupert
Spider:2 2 transporters, alja1234's ghost, journeyman MDEE
Spider:3 Roxanne
Spider:4 Arachne


Innate Abilities, Weirdness & Mutations

Your natural rate of healing is accelerated.
You have razor-sharp teeth.
You have supernaturally acute eyesight. (SInv)
You are afflicted with vampirism and can become a bat while bloodless.


Message History

Arachne envenoms you! The entropy weaver hits you.
The entropy weaver barely misses you. The entropy weaver closely misses you.
The entropy weaver barely misses you. The tarantella touches you!
* * * LOW HITPOINT WARNING * * *
You are afflicted by dizzying energies!
You are more confused.
The entropy weaver hits you!
* * * LOW HITPOINT WARNING * * *
The entropy weaver hits you!
* * * LOW HITPOINT WARNING * * *
The entropy weaver barely misses you. The entropy weaver misses you.
Unknown command.
Unknown command.
The killer bee buzzes angrily.
You hear an angry buzzing noise. x5
Arachne points her staff at you, shooting a stream of webbing.
The stream of webbing hits you but does no damage.
You are caught in a web!
The wolf spider attacks as it pursues you!
The wolf spider hits you.
* * * LOW HITPOINT WARNING * * *
The wolf spider bites you!
* * * LOW HITPOINT WARNING * * *
A pharaoh ant comes into view.
You hear an angry buzzing noise.
The pharaoh ant gives a chilling moan.
There is a web here.
Unknown command.
Unknown command.
Unknown command.
Unknown command.
Unknown command.
You struggle to detach yourself from the web.
You hear an angry buzzing noise. x3; You hear a faint skittering sound.
You hear an angry buzzing noise.
You hear a faint skittering sound.
The tarantella touches you.
* * * LOW HITPOINT WARNING * * *
You are afflicted by dizzying energies!
You are more confused.
Arachne hits you with a staff of alchemy!
You die...
Arachne says, "All wrapped up."

............#
............#
...^..^.....#
^#
...#........#
..
.....^......#
..
#^..........#
s.
.^..^..sB...#
..
.?#....Hs...#
..
.......@s..^#
..
..#.^....<..#
........#.#.#
............#
^#^..y......#
^#
###........#
^.
y.........#
..
y!##B.^....#
.# †y
w.......#


You could see Arachne, an entropy weaver, a wolf spider, a pharaoh ant, a
tarantella, a redback and a killer bee.

Vanquished Creatures
  Jorgrun (Orc:1)
  2 ghost moths (Spider:2)
  6 broodmothers
  2 very ugly things (IceCv)
  A minotaur (Gauntlet)
  Josephine (D:11)
  9 entropy weavers
  2 ogre magi (Orc:1)
  The ghost of Skimidon the Markself, a journeyman DEHu of Fedhas (Orc:2)
  2 hydras
  2 caustic shrike simulacra (IceCv)
  An ice dragon (Spider:1)
  3 catoblepae (Lair:5)
  Erolcha (D:11)
  A radroach (Spider:2)
  2 boulder beetles
  7 jorogumos
  14 two-headed ogres
  Erica (D:10)
  9 death yaks
  8 demonic crawlers
  The ghost of hackum the Skirmisher, a novice DgHu (D:9)
  Amaemon (Lair:1)
  2 skysharks
  2 deep trolls
  5 pharaoh ants
  4 orb spiders
  A sun moth (Spider:3)
  4 steelbarb worms
  An arcanist (Gauntlet)
  2 orc knights (Orc:1)
  14 wolf spiders
  2 orange crystal statues (IceCv)
  2 cyclopes
  Maurice (D:11)
  An orc sorcerer (Orc:1)
  Joseph (D:7)
  5 elephants (Lair:1)
  3 manticores
  6 torpor snails
  5 black mambas
  A gargoyle (Bailey)
  An orange demon (Lair:1)
  13 cane toads
  6 komodo dragons
  Maggie (D:7)
  3 rime drakes
  4 freezing wraiths (IceCv)
  3 anaconda simulacra (IceCv)
  2 golden dragon simulacra (IceCv)
  11 trolls
  3 polar bears
  2 hornets
  Grinder (D:5)
  2 alligator simulacra (IceCv)
  4 dream sheep (Lair:4)
  23 tarantellas
  14 blink frogs
  5 wyverns
  12 jumping spiders
  3 wraiths (D:11)
  7 spriggans (D:8)
  21 culicivoras
  A dire elephant simulacrum (IceCv)
  44 yaks
  A basilisk (Lair:5)
  A vampire (Bailey)
  An unseen horror simulacrum (D:9)
  4 wargs (Orc:1)
  Eustachio (D:6)
  45 redbacks
  2 steam dragons
  4 vampire mosquitoes (D:10)
  An acid dragon (D:11)
  Menkaure (D:6)
  Edmund (D:5)
  9 water moccasins
  Duvessa (D:7)
  12 orc warriors
  9 ice beasts
  2 ettin simulacra (IceCv)
  2 sky beasts
  22 ogres
  19 wolves
  2 centaurs
  A phantom (D:7)
  4 kobold brigands
  2 gnoll sergeants (D:10)
  8 bullfrogs
  4 scorpions
  5 wights
  Dowan (D:7)
  12 killer bees
  A lindwurm simulacrum (IceCv)
  6 wolf zombies (Bailey)
  An electric eel (Lair:1)
  5 vampire bats (Bailey)
  5 howler monkeys
  A bullfrog zombie (D:5)
  12 orc priests
  5 hounds
  3 iguanas
  16 orc wizards
  A centaur simulacrum (D:9)
  A hound zombie (D:5)
  A killer bee simulacrum (D:9)
  9 adders
  7 gnolls (D:10)
  4 shadow imps
  5 white imps
  The ghost of Goblin1989 the Sneak, a weakling DsDe (D:5)
  5 dart slugs
  A ribbon worm (D:2)
  65 orcs
  5 bats
  5 endoplasms
  5 giant cockroaches
  10 goblins
  6 hobgoblins
  3 jackals (D:2)
  15 kobolds
  5 quokkas
  7 ball pythons
  5 frilled lizards
  20 orc zombies (Bailey)
  6 rats
750 creatures vanquished.

Vanquished Creatures (collateral kills)
  A caustic shrike simulacrum (IceCv)
  A death yak (Lair:2)
  An alligator simulacrum (IceCv)
  A dire elephant simulacrum (IceCv)
  A water moccasin (Lair:2)
  A bullfrog (D:9)
  3 wights
9 creatures vanquished.

Grand Total: 759 creatures vanquished

Notes
Turn   | Place    | Note
-------+----------+-------------------------------------------
     0 | D:1      | tilp the Vampire Enchanter began the quest for the Orb.
     0 | D:1      | Reached XP level 1. HP: 13/13 MP: 3/3
   145 | D:1      | Reached XP level 2. HP: 17/20 MP: 5/5
   148 | D:1      | Learned a level 2 spell: Ensorcelled Hibernation
   847 | D:2      | Reached skill level 1 in Fighting
   847 | D:2      | Gained mutation: You are afflicted with vampirism and can
                  | become a bat while bloodless. [Vampire growth]
   847 | D:2      | Reached XP level 3. HP: 26/26 MP: 1/6
   851 | D:2      | Learned a level 3 spell: Confusing Touch
  1201 | D:2      | Reached XP level 4. HP: 28/32 MP: 3/7
  1211 | D:2      | Reached skill level 5 in Hexes
  1833 | D:3      | Reached skill level 1 in Ice Magic
  1982 | D:3      | Found a hazy altar of Hepliaklqana.
  1983 | D:3      | Found a shimmering blue altar of Sif Muna.
  2089 | D:3      | Reached skill level 5 in Stealth
  2288 | D:3      | Found a bloodstained altar of Trog.
  2452 | D:3      | Reached XP level 5. HP: 38/38 MP: 5/8
  2809 | D:4      | Reached XP level 6. HP: 44/44 MP: 2/9
  3124 | D:4      | Found the +4 robe of Augmentation {Str+4 Int+4 Dex+4}
  3380 | D:5      | Entered Level 5 of the Dungeon
  3473 | D:5      | Reached skill level 1 in Evocations
  3515 | D:5      | Found a runed translucent gate.
  3515 | D:5      | Found a runed translucent gate.
  3515 | D:5      | Found a runed translucent gate.
  3515 | D:5      | Noticed Goblin1989's ghost (weakling DsDe)
  3517 | D:5      | Found a basalt altar of Yredelemnul.
  3698 | D:5      | Reached XP level 7. HP: 51/51 MP: 4/11
  3758 | D:5      | Got Qyuc's Quarto of Feathers
  3776 | D:5      | Noticed Edmund
  3781 | D:5      | Killed Edmund
  3904 | D:5      | Got the Anthology of a Million Scars
  4191 | D:5      | Killed Goblin1989's ghost
  4245 | D:6      | Noticed Menkaure
  4321 | D:6      | Noticed Grinder
  4324 | D:6      | Paralysed by Grinder for 4 turns
  4343 | D:5      | Killed Grinder
  4558 | D:6      | Reached XP level 8. HP: 60/60 MP: 6/13
  4739 | D:6      | Killed Menkaure
  4740 | D:6      | Reached skill level 5 in Short Blades
  5136 | D:6      | Noticed Eustachio
  5146 | D:6      | Killed Eustachio
  5530 | D:6      | Found a sparkling altar of Nemelex Xobeh.
  5531 | D:6      | Found an opulent altar of Gozag.
  5553 | D:6      | Learned a level 3 spell: Tukima's Dance
  5557 | D:6      | Learned a level 3 spell: Dazzling Flash
  5790 | D:7      | Identified a scroll of acquirement
  5790 | D:7      | Acquired 952 gold pieces
  5826 | D:7      | Reached skill level 5 in Fighting
  5850 | D:7      | Noticed Duvessa
  5850 | D:7      | Noticed Dowan
  5864 | D:6      | Reached XP level 9. HP: 54/68 MP: 12/15
  5900 | D:7      | Found Fejaal's Armour Boutique.
  5926 | D:6      | Reached skill level 1 in Conjurations
  6007 | D:7      | Found a staircase to the Ecumenical Temple.
  6020 | D:7      | Noticed Maggie
  6022 | Temple   | Entered the Ecumenical Temple
  6070 | Temple   | Became a worshipper of the Wu Jian Council
  6098 | D:7      | Killed Maggie
  6105 | D:7      | Killed Duvessa
  6107 | D:7      | Killed Dowan
  6275 | D:7      | Noticed Joseph
  6574 | D:7      | Killed Joseph
  6575 | D:7      | Reached skill level 5 in Spellcasting
  7119 | D:8      | Found a sacrificial altar of Ru.
  7135 | D:8      | Reached * piety under Wu Jian
  7249 | D:8      | Reached XP level 10. HP: 76/76 MP: 17/17
  7522 | D:8      | Reached skill level 10 in Stealth
  7812 | D:8      | Reached skill level 10 in Short Blades
  7979 | D:8      | Noticed a two-headed ogre
  7981 | D:8      | Killed a two-headed ogre
  8850 | D:9      | Found a runed translucent gate.
  8850 | D:9      | Found a runed translucent gate.
  8852 | D:9      | Found a runed translucent gate.
  9011 | D:9      | Reached XP level 11. HP: 78/83 MP: 14/19
  9245 | D:9      | Reached ** piety under Wu Jian
  9391 | D:9      | Noticed hackum's ghost (novice DgHu)
  9765 | D:10     | Entered Level 10 of the Dungeon
  9805 | D:10     | Reached skill level 5 in Dodging
  9865 | D:10     | Noticed a two-headed ogre
  9884 | D:10     | Killed a two-headed ogre
  9908 | D:10     | Found a flagged portal.
 10045 | Bailey   | Entered a bailey
 10252 | Bailey   | Reached skill level 10 in Hexes
 10482 | Bailey   | Reached *** piety under Wu Jian
 10643 | Bailey   | Identified the +5 chain mail "Buduy" {Fly Dex+2}
 10691 | Bailey   | Found the +2 shield of Resistance {rF++ rC++ Will++}
 10713 | Bailey   | Identified the +3 long sword "Otirus" {heavy, rF+ Str+4}
 10900 | D:10     | Found a staircase to the Lair.
 11390 | D:10     | Noticed Erica
 11392 | D:10     | Killed Erica
 11497 | D:11     | Noticed a two-headed ogre
 11506 | D:11     | Killed a two-headed ogre
 11536 | D:11     | Noticed Erolcha
 11539 | D:11     | Noticed a two-headed ogre
 11544 | D:11     | Killed Erolcha
 11545 | D:11     | Killed a two-headed ogre
 11555 | D:11     | Noticed a two-headed ogre
 11566 | D:11     | Killed a two-headed ogre
 11567 | D:11     | Reached XP level 12. HP: 77/93 MP: 11/21
 11643 | D:11     | Noticed Maurice
 11655 | D:11     | Killed Maurice
 11837 | D:11     | Found a staircase to the Orcish Mines.
 11868 | D:11     | Reached **** piety under Wu Jian
 11871 | D:11     | Noticed Josephine
 11894 | D:11     | Killed Josephine
 12009 | D:11     | Found a roughly hewn altar of Beogh.
 12175 | D:11     | Found a sacrificial altar of Ru.
 12344 | Lair:1   | Entered Level 1 of the Lair of Beasts
 12347 | Lair:1   | Noticed Amaemon
 12352 | Lair:1   | Killed Amaemon
 12863 | Lair:1   | Reached skill level 10 in Fighting
 13425 | Lair:1   | Reached ***** piety under Wu Jian
 13548 | Lair:1   | Reached skill level 5 in Evocations
 14076 | Lair:2   | Found a gate leading to a gauntlet.
 14086 | Gauntlet | Entered a Gauntlet
 14086 | Gauntlet | Found a transporter.
 14100 | Gauntlet | Found a transporter.
 14110 | Gauntlet | Found a transporter.
 14115 | Gauntlet | Found a transporter.
 14124 | Gauntlet | Noticed a blizzard demon
 14130 | Gauntlet | Found the ring of the Hare {EV+10}
 14132 | Gauntlet | Found a transporter.
 14150 | Gauntlet | Found a transporter.
 14162 | Gauntlet | Found a transporter.
 14174 | Gauntlet | Found a transporter.
 14186 | Gauntlet | Found a transporter.
 14198 | Gauntlet | Found a transporter.
 14211 | Gauntlet | Noticed a five-headed hydra
 14215 | Gauntlet | Found a transporter.
 14233 | Gauntlet | Found a transporter.
 14235 | Gauntlet | Found a transporter.
 14260 | Gauntlet | Found a transporter.
 14262 | Gauntlet | Found a transporter.
 14282 | Gauntlet | Found a transporter.
 14360 | Gauntlet | Found a transporter.
 14380 | Gauntlet | Found a transporter.
 14624 | Gauntlet | Reached XP level 13. HP: 106/106 MP: 15/23
 14714 | Gauntlet | Identified the +3 scale mail of Ashenzari's Approval {rC+
                  | Str+3}
 14901 | Gauntlet | Identified the ring "Putwu" {Will- Str+5 SInv}
 14908 | Gauntlet | Identified the +1 leather armour "Xobop" {Int+3}
 14954 | Gauntlet | Noticed a minotaur
 14960 | Gauntlet | Killed a minotaur
 15564 | Lair:2   | Reached skill level 1 in Shields
 16084 | Lair:3   | Found a staircase to the Swamp.
 16764 | Lair:3   | Found a hole to the Spider Nest.
 17898 | Lair:4   | Noticed Rupert
 18499 | Lair:5   | Entered Level 5 of the Lair of Beasts
 18801 | Lair:5   | Found a viscous altar of Jiyva.
 18801 | Lair:5   | Found a staircase to the Slime Pits.
 18853 | Lair:5   | Reached XP level 14. HP: 115/115 MP: 25/25
 19403 | Lair:5   | Reached ****** piety under Wu Jian
 19866 | Lair:5   | Identified the staff of Veeck {rPois rCorr Alchemy}
 20062 | Orc:1    | Entered Level 1 of the Orcish Mines
 20557 | Orc:1    | Noticed Jorgrun
 20559 | Orc:1    | Killed Jorgrun
 20931 | Orc:2    | Entered Level 2 of the Orcish Mines
 20931 | Orc:2    | Found Funean's Jewellery Emporium.
 20931 | Orc:2    | Found Vuxuz's General Store.
 21815 | Orc:1    | Reached skill level 5 in Shields
 21865 | Orc:2    | Found a roughly hewn altar of Beogh.
 21903 | Orc:2    | Found Nozipt's General Store.
 22031 | Orc:2    | Found Pinopaor's Jewellery Shoppe.
 22034 | Orc:2    | Bought a scroll of blinking for 75 gold pieces
 22071 | Orc:2    | Found a runed translucent door.
 22071 | Orc:2    | Noticed Skimidon's ghost (journeyman DEHu)
 22176 | Orc:2    | Found a staircase to the Elven Halls.
 22655 | Orc:2    | Killed Skimidon's ghost
 22820 | Orc:2    | Bought a scroll of fear for 40 gold pieces
 22837 | Orc:2    | Bought the ring of the Suburbs {rPois Will+ Dex+2} for 444
                  | gold pieces
 22980 | D:9      | Killed hackum's ghost
 22981 | D:9      | Reached skill level 10 in Dodging
 23123 | D:9      | Identified the ring of Fymid {Fire rN+ Int+3 Slay-5 Stlth+}
 23233 | Spider:1 | Entered Level 1 of the Spider Nest
 23291 | Spider:1 | Reached XP level 15. HP: 122/122 MP: 27/27
 23344 | Spider:1 | Found a glacial archway.
 23383 | IceCv    | Entered an ice cave
 25522 | Spider:1 | Reached skill level 15 in Stealth
 26344 | Spider:2 | Reached skill level 15 in Hexes
 26379 | Spider:2 | HP: 6/124 [poisoned by a redback]
 26789 | Spider:2 | Found a transporter.
 26790 | Spider:2 | Noticed alja1234's ghost (journeyman MDEE)
 26804 | Spider:2 | Found a transporter.
 28733 | Spider:2 | Reached skill level 15 in Fighting
 29277 | Spider:3 | Found the +3 pair of gauntlets of War {Slay+5}
 29656 | Spider:3 | Reached XP level 16. HP: 43/127 MP: 1/29
 30396 | Spider:3 | Noticed Roxanne
 30874 | Spider:3 | Identified the +3 battleaxe of World Downfall {holy, rF+
                  | rCorr}
 31807 | Spider:4 | Entered Level 4 of the Spider Nest
 32046 | Spider:4 | Noticed Arachne
 32069 | Spider:4 | Slain by Arachne

Illustrated notes

Levels and vault maps discovered:
D:1:      dpeg_arrival_three_same_balls, layout_loops_ring
D:2:      layout_rooms, st_stairs_10
D:3:      layout_basic, nicolae_overflow_hidden_temple,
          lemuel_coloured_pillars_altar
D:4:      layout_basic, chequers_serial_rivers_micro_a
D:5:      layout_rooms, mainiacjoe_overflow_boulevard,
          nicolae_yredelemnul_ghost_church, uniq_edmund
D:6:      layout_cave_pods, grunt_temple_overflow_opulence, uniq_grinder,
          uniq_eustachio, uniq_menkaure
D:7:      layout_cave_pools, minmay_temple_entry_statues_fountains,
          serial_shops, shop, uniq_joseph, uniq_maggie, uniq_duvessa
D:8:      kb_forest_paths, layout_basic, mainiacjoe_overflow_tiny_flanked
D:9:      layout_irregular_city, gammafunk_ghost_icy
D:10:     layout_loops_cross, hellmonk_lair_entry_icy, enter_bailey_3,
          nicolae_zen_rock_garden, uniq_erica
D:11:     layout_rooms, minmay_orc_entry_temple_large, nicolae_ru_path_of_blood,
          uniq_maurice, uniq_erolcha, uniq_josephine
Temple:   compressed_dpeg_circular_temple
Lair:1:   layout_regular_city, st_stairs_8, serial_bayou_shore_a,
          serial_bayou_shore_b, uniq_amaemon
Lair:2:   layout_roguey, gauntlet_entry_generic, grunt_megastairs_4
Lair:3:   layout_chaotic_city, minmay_swamp_entry_reptiles,
          spider_nest_entry_webs
Lair:4:   layout_cave_pods, lemuel_fruit_fields, uniq_rupert
Lair:5:   evilmike_catoblepas_cave, layout_big_grid, slime_entry_1,
          chequers_serial_rivers_small_a
Spider:1: layout_cave_pods, portal_ice_cave_entry_dragon,
          hangedman_spider_tarantella_strand
Spider:2: nicolae_spider_brood_tunnel, gammafunk_ghost_berserking_beasts
Spider:3: layout_chambers, nicolae_spider_some_kinda_spiderbox, uniq_roxanne
Spider:4: grunt_spider_rune_circles, ebering_ghost_reflecting_pool, special_room
          [special_room_bee], uniq_arachne
Orc:1:    layout_diamond_mine, uniq_jorgrun
Orc:2:    st_orc_open, layout_caves, hellmonk_ghost_happy_afterlife, basic_altar

Skill      XL: |  1  2  3  4  5  6  7  8  9 10 11 12 13 14 15 |
---------------+----------------------------------------------+-----
Fighting       | 1 2 3 5 6 8 11 12 15 | 15.6
Short Blades   | 2 3 4 6 8 10 | 10.0
Hexes          | 5 6 7 8 9 11 12 14 15 | 15.0
Ice Magic      | 1 2 |  2.0
Stealth        | 5 6 7 9 10 11 12 14 15 | 15.9
Dodging        | 3 4 6 7 8 10 | 10.8
Evocations     | 1 2 4 5 6 7 8 |  8.7
Spellcasting   | 3 4 5 6 7 8 9 |  9.5
Conjurations   | 2 3 4 |  4.0
Shields        | 3 5 6 |  6.8
Armour         | |  0.1

Action                     |  1- 3 |  4- 6 |  7- 9 | 10-12 | 13-15 | 16-18 || total
---------------------------+-------+-------+-------+-------+-------+-------++-------
  Melee: Dagger            |   140 |   170 |   168 |   616 |   972 |   125 ||  2191
         Bite              |    22 |    26 |    24 |    91 |   155 |    17 ||   335
         Scimitar          |       |       |       |     2 |    13 |       ||    15
  Throw: Dart              |       |       |     1 |     3 |     2 |       ||     6
         Boomerang         |       |       |       |       |     6 |     1 ||     7
   Cast: Ensorcelled Hiber |     5 |    23 |    61 |   133 |   306 |    60 ||   588
         Confusing Touch   |       |     2 |    10 |    45 |    58 |     3 ||   118
         Tukima's Dance    |       |       |     2 |     6 |     2 |       ||    10
         Dazzling Flash    |       |       |       |     6 |    80 |     8 ||    94
Ability: Lunge             |       |       |     5 |    70 |    82 |    14 ||   171
         Whirlwind         |       |       |       |    13 |    68 |    15 ||    96
  Evoke: Wand              |       |       |     1 |     1 |     6 |       ||     8
         Sack of spiders   |       |       |       |       |     4 |       ||     4
         Condenser vane    |       |       |       |       |     4 |       ||     4
    Use: Scroll            |     1 |     9 |     6 |     4 |    16 |     2 ||    38
         Potion            |       |     1 |     5 |     3 |     3 |     1 ||    13
   Stab: Sleeping          |    14 |    23 |    45 |   116 |   215 |    55 ||   468
         Confused          |       |     1 |     9 |    40 |    56 |     2 ||   108
         Invisible         |       |       |       |     7 |    50 |     4 ||    61
         Distracted        |       |       |       |     2 |     3 |     2 ||     7
 Armour: Robe              |    60 |    77 |   106 |   201 |   519 |   107 ||  1070
  Dodge: Dodged            |    81 |    90 |   101 |   281 |   726 |   130 ||  1409
  Block: Buckler           |       |       |       |    74 |    46 |       ||   120
         Kite shield       |       |       |       |       |   576 |   136 ||   712

Table legend: (Time is in decaauts)
 A = Elapsed time spent in this place.
 B = Non-inter-level travel time spent in this place.
 C = Inter-level travel time spent in this place.
 D = Time resting spent in this place.
 E = Time spent auto-exploring this place.
 F = Levels seen in this place.
 G = Mean time per level.
                   A        B        C        D        E       F      G
               +--------+--------+--------+--------+--------+-----+--------+
         Total |  31583 |  29898 |   1685 |   7410 |  16002 |  26 | 1214.7 |
       Dungeon |  11588 |  10788 |    800 |   1332 |   7167 |  11 | 1053.5 |
        Temple |    209 |    198 |     11 |     59 |    100 |   1 |  209.0 |
          Lair |   6653 |   6242 |    411 |    916 |   4127 |   5 | 1330.6 |
   Spider Nest |   7028 |   6692 |    336 |   2787 |   2667 |   4 | 1757.0 |
  Orcish Mines |   2753 |   2626 |    127 |    653 |   1485 |   2 | 1376.5 |
        Bailey |    679 |    679 |      0 |    266 |     42 |   1 |  679.0 |
      Ice Cave |   1690 |   1690 |      0 |   1246 |     18 |   1 | 1690.0 |
      Gauntlet |    982 |    982 |      0 |    151 |    395 |   1 |  982.0 |
               +--------+--------+--------+--------+--------+-----+--------+

Top non-repeatable levels by time:
Spider:2: 3470 daAuts
Spider:3: 2206 daAuts
   Orc:1: 1806 daAuts
  Lair:1: 1737 daAuts
   IceCv: 1690 daAuts
     D:9: 1607 daAuts
     D:6: 1472 daAuts
  Lair:5: 1439 daAuts
Spider:1: 1295 daAuts
  Lair:2: 1273 daAuts
     D:8: 1228 daAuts
     D:3: 1170 daAuts
  Lair:4: 1165 daAuts
  Lair:3: 1036 daAuts
    D:10: 1015 daAuts
